 Dungeon Crawl Stone Soup version 0.31-a0-426-g3a05650e59 (webtiles) character file.

Game seed: 8712339476642191350

430 LeprechaunX the Changeling (level 6, -3/42 HPs)
             Began as an Octopode Shapeshifter on July 31, 2023.
             Slain by an ice beast (5 damage)
             ... on level 4 of the Dungeon.
             The game lasted 00:05:32 (3632 turns).

LeprechaunX the Changeling (Octopode Shapeshifter)  Turns: 3632, Time: 00:05:32

Health: -3/42      AC:  1    Str: 16    XL:     6   Next: 99%
Magic:  6/6        EV: 14    Int: 10    God:
Gold:   365        SH:  0    Dex: 13    Spells: 3/5 levels left

rFire   . .          .
                       - Unarmed
rCold   . . .        (no shield)
rNeg    . . .        (helmet currently unavailable)
rPois   .            (no amulet)
rElec   .            c - ring of resist corrosion
rCorr   +            h - ring of willpower
SInv    .            j - ring of flight
Will    ++...        k - ring of willpower
Stlth   ++           (no ring)
HPRegen 0.27/turn    (no ring)
MPRegen 0.10/turn    (no ring)
                     (no ring)

%: no passive effects
@: beast-form, flying
A: beast (slay +3), almost no armour, amphibious, 8 rings, camouflage 1,
gelatinous body 1, (nimble swimmer 1), tentacles
a: Begin Untransformation


You were on level 4 of the Dungeon.
You were a hulking beast.
You visited 2 branches of the dungeon, and saw 5 of its levels.
You also visited: Ossuary.

You collected 365 gold pieces.

Inventory:

Missiles
 t - 3 boomerangs (quivered)
Jewellery
 c - a ring of resist corrosion (left tentacle)
 h - a ring of willpower (right tentacle)
 j - a ring of flight (on tentacle)
 k - a ring of willpower (on tentacle)
Talismans
 b - a beast talisman (active)
 n - a serpent talisman
Wands
 v - a wand of charming (9)
 y - a wand of roots (14)
Scrolls
 d - a scroll of revelation {unknown}
 e - 2 scrolls of fear {unknown}
 g - 7 scrolls of identify {unknown}
 i - 3 scrolls of amnesia {unknown}
 l - a scroll of vulnerability {unknown}
 m - 2 scrolls of teleportation {unknown}
 q - a scroll of noise {unknown}
 u - a scroll of enchant armour {unknown}
 C - a scroll of silence {unknown}
Potions
 a - a potion of might {unknown}
 f - a potion of mutation {unknown}
 o - a potion of brilliance {unknown}
 p - a potion of berserk rage {unknown}
 r - 2 potions of degeneration {unknown}
 s - 3 potions of heal wounds {unknown}
 w - a potion of cancellation {unknown}
 x - 3 potions of enlightenment {unknown}
 z - a potion of attraction {unknown}
 A - a potion of magic {unknown}
 B - a potion of haste {unknown}


   Skills:
 + Level 3.0 Fighting
 + Level 3.6 Dodging
 + Level 4.5 Unarmed Combat
 * Level 4.6 Shapeshifting


You had 3 spell levels left.
You knew the following spells:

 Your Spells              Type           Power      Damage    Failure   Level
a - Wereblood             Tmut           0%         N/A       50%         2

Your spell library contained the following spells:

 Spells                   Type           Power      Damage    Failure   Level
 Sandblast                Erth           0%         2d4       36%         1
 Passwall                 Tmut/Erth      0%         N/A       50%         2
 Sublimation of Blood     Necr           0%         N/A       50%         2
 Stone Arrow              Conj/Erth      0%         3d7       75%         3
 Summon Guardian Golem    Hex/Summ       0%         N/A       75%         3
 Orb of Destruction       Conj           0%         9d5       100%        7
 Spellforged Servitor     Conj/Summ      0%         N/A       100%        7
 Summon Hydra             Summ           0%         N/A       100%        7


Dungeon Overview and Level Annotations

Branches:
Dungeon (4/15)             Temple (1/1) D:4         Ossuary (visited)

Altars:
Cheibriados
Dithmenos
Elyvilon
Fedhas
Gozag
Kikubaaqudgha
Makhleb
Nemelex Xobeh
Okawaru
Ru
Sif Muna
Vehumet
Wu Jian
Yredelemnul
Zin
The Shining One

Shops:
D:1 !


Innate Abilities, Weirdness & Mutations

You are a hulking beast.
Your limbs bulge with bestial killing power. (Slay +3)
You cannot wear most types of armour.
You are amphibious.
You can wear up to eight rings at the same time.
Your skin changes colour to match your surroundings (Stealth+).
Your rubbery body absorbs attacks. (AC +1, EV +1)
((You are camouflaged when in or above water. (Stealth+)))
You have tentacles for arms and can constrict up to eight enemies at once.


Message History

Throw: 3 boomerangs
Press: ? - help, Q - select action, (/) - cycle Shift-Dir - straight line, f/p - ice beast
Aim: an ice beast (59% to hit)
You throw a boomerang. The boomerang hits the ice beast.
The ice beast is lightly wounded.
Throw: 3 boomerangs
Press: ? - help, Q - select action, (/) - cycle Shift-Dir - straight line, f/p - ice beast
Aim: an ice beast (lightly wounded, 60% to hit)
You throw a boomerang. The boomerang hits the ice beast.
The ice beast is lightly wounded.
Throw: 3 boomerangs
Press: ? - help, Q - select action, (/) - cycle Shift-Dir - straight line, f/p - ice beast
Aim: an ice beast (lightly wounded, 59% to hit)
You throw a boomerang. The boomerang hits the ice beast.
The ice beast is moderately wounded.
Throw: 3 boomerangs
Press: ? - help, Q - select action, (/) - cycle Shift-Dir - straight line, f/p - ice beast
Aim: an ice beast (moderately wounded, 59% to hit)
You throw a boomerang.
The boomerang barely misses the ice beast.
You tentacle-slap the ice beast.
The ice beast is moderately wounded.
The ice beast hits you. The ice beast freezes you.
You tentacle-slap the ice beast but do no damage.
You tentacle-slap the ice beast!
You squeeze the ice beast, but do no damage.
The ice beast is severely wounded.
The ice beast hits you. The ice beast freezes you!
You completely miss the ice beast.
Your tentacle-slap misses the ice beast.
The ice beast is severely wounded.
The ice beast hits you. The ice beast freezes you!
* * * LOW HITPOINT WARNING * * *
Unknown command.
You closely miss the ice beast.
The ice beast is severely wounded.
The ice beast hits you.
* * * LOW HITPOINT WARNING * * *
The ice beast freezes you.
You die...

#######.....# #.⌠.# ###...#...#..
............# #...###.....##.##..
............# ##..##.##...##.####
............#.##....(.....##.####
.........#..#)#..............##..
#....##...................##.##.#
##.#....##..#.#..................
..†...........#..###.............
##............#.h# ######.##.##.#
##...#........#Y.########.##.##.#
##..#.#..........................
##....#.#........#.######.##.##..
##..####............ ...#......
###.......#.###..# ## ###.##.##.#
# ######....# .... #.##.##.# #
#.. #..# #.##.##.# # #..
#.##.##.#


You could see an ice beast.

Vanquished Creatures
  A black bear (D:4)
  A hound (D:4)
  A human zombie (D:4)
  Jessica (D:3)
  8 mummies (Ossuary)
  3 adders
  A worm (D:3)
  4 dart slugs
  12 orcs
  6 ball pythons
  14 endoplasms
  3 giant cockroaches
  2 gnoll zombies
  5 goblins
  10 hobgoblins
  2 jackals (D:1)
  3 quokkas
  7 bats
  5 frilled lizards
  4 hobgoblin zombies (Ossuary)
  7 kobolds
  3 kobold zombies (Ossuary)
  5 rats
108 creatures vanquished.

Notes
Turn   | Place    | Note
-------+----------+-------------------------------------------
     0 | D:1      | LeprechaunX the Octopode Shapeshifter began the quest for
                  | the Orb.
     0 | D:1      | Reached XP level 1. HP: 13/13 MP: 1/1
   113 | D:1      | Reached XP level 2. HP: 15/18 MP: 2/2
   356 | D:1      | Found Jaopeu's Distillery.
   442 | D:1      | Reached XP level 3. HP: 23/23 MP: 3/3
   999 | D:2      | Found a faded altar of an unknown god.
  1207 | D:2      | Found a white marble altar of Elyvilon.
  1471 | D:2      | Reached XP level 4. HP: 29/29 MP: 4/4
  1920 | D:3      | Noticed Jessica
  1926 | D:3      | Killed Jessica
  1927 | D:3      | Reached XP level 5. HP: 34/34 MP: 5/5
  2294 | D:3      | Learned a level 2 spell: Wereblood
  2391 | D:4      | Noticed an ice beast
  2465 | D:4      | Found a staircase to the Ecumenical Temple.
  2474 | Temple   | Entered the Ecumenical Temple
  2642 | D:4      | Found a sand-covered staircase.
  2658 | Ossuary  | Entered an ossuary
  2667 | Ossuary  | Reached XP level 6. HP: 37/41 MP: 6/6
  3511 | D:4      | Noticed a black bear
  3522 | D:4      | Killed a black bear
  3632 | D:4      | HP: 2/42 [ice beast (2)]
  3632 | D:4      | Slain by an ice beast

Illustrated notes

Levels and vault maps discovered:
D:1:      minmay_arrival_glassed_features, layout_loops_ring, serial_shops,
          shop, minmay_door_square, grunt_decor_mini_mirrors,
          hangedman_abyss_or_decor_lesser_grid, nicolae_figureground_sparkle
D:2:      layout_loops_ring, shapermc_ecumenical_altar_venn, basic_altar
D:3:      layout_loops_ring, uniq_jessica
D:4:      layout_basic, minmay_temple_entry_junction, enter_ossuary_3,
          minmay_misc_feat_square, minmay_distorted
Temple:   nicolae_temple_x_marks_the_god

Skill      XL: |  1  2  3  4  5  6 |
---------------+-------------------+-----
Fighting       | 2 3 |  3.0
Unarmed Combat | 4 |  4.5
Dodging        | 3 |  3.6
Shapeshifting  | 4 |  4.6

Action                     |  1- 3 |  4- 6 || total
---------------------------+-------+-------++-------
  Melee: Unarmed           |    76 |   113 ||   189
         Constrict         |    22 |    39 ||    61
         Tentacles         |    13 |    21 ||    34
         Punch             |     2 |     8 ||    10
  Throw: Boomerang         |       |    26 ||    26
    Use: Potion            |       |     1 ||     1
   Stab: Sleeping          |    13 |     6 ||    19
 Armour: Skin              |     3 |    13 ||    16
  Dodge: Dodged            |    38 |    55 ||    93

Table legend: (Time is in decaauts)
 A = Elapsed time spent in this place.
 B = Non-inter-level travel time spent in this place.
 C = Inter-level travel time spent in this place.
 D = Time resting spent in this place.
 E = Time spent auto-exploring this place.
 F = Levels seen in this place.
 G = Mean time per level.
                   A        B        C        D        E       F      G
               +--------+--------+--------+--------+--------+-----+--------+
         Total |   3622 |   3345 |    277 |    395 |   2308 |   6 |  603.7 |
       Dungeon |   3120 |   2843 |    277 |    171 |   2147 |   4 |  780.0 |
        Temple |      1 |      1 |      0 |      0 |      0 |   1 |    1.0 |
       Ossuary |    499 |    499 |      0 |    224 |    161 |   1 |  499.0 |
               +--------+--------+--------+--------+--------+-----+--------+

Top non-repeatable levels by time:
     D:1: 828 daAuts
     D:4: 801 daAuts
     D:3: 757 daAuts
     D:2: 733 daAuts
 Ossuary: 499 daAuts
  Temple: 1 daAuts
